 Dungeon Crawl Stone Soup version 0.30.1-11-g7821555f0a (webtiles) character file.

Game seed: 8581347973536608835

60 Peloso the Covered (level 3, 0/33 HPs)
             Began as a Minotaur Fighter on Oct 31, 2023.
             Slain by an unseen horror (2 damage)
             ... on level 1 of the Abyss.
             The game lasted 00:06:20 (2060 turns).

Peloso the Covered (Minotaur Fighter)               Turns: 2060, Time: 00:06:21

Health: 0/33       AC: 11    Str: 20    XL:     3   Next: 80%
Magic:  2/2        EV:  8    Int:  5    God:
Gold:   41         SH:  4    Dex: 11    Spells: 2/2 levels left

rFire   . . .        a - +0 long sword
rCold   . . .        d - +0 buckler
rNeg    . . .        c - +0 chain mail
rPois   .            (helmet restricted)
rElec   .            w - +0 cloak
rCorr   .            o - +0 pair of gloves
SInv    .            (no boots)
Will    .....        (no amulet) Stlth
                     (no ring)
HPRegen 0.25/turn    (no ring)
MPRegen 0.08/turn

%: no passive effects
@: no status effects
A: horns 2, retaliatory headbutt
a: no special abilities


You were on level 1 of the Abyss.
You visited 1 branch of the dungeon, and saw 3 of its levels.
You visited the Abyss 1 time.

You collected 113 gold pieces.
You spent 72 gold pieces at shops.

Inventory:

Hand Weapons
 a - a +0 long sword (weapon)
Armour
 b - a +0 scale mail
 c - a +0 chain mail (worn)
 d - a +0 buckler (worn)
 o - a +0 pair of gloves (worn)
 w - a +0 cloak (worn)
Wands
 p - a wand of iceblast (12)
 t - a wand of digging (3)
Scrolls
 e - 2 scrolls of blinking {unknown}
 g - a scroll of amnesia {unknown}
 j - a scroll of vulnerability {unknown}
 n - 3 scrolls of poison {unknown}
 q - a scroll of enchant weapon {unknown}
 s - 2 scrolls of identify {unknown}
 u - a scroll of fear {unknown}
 v - a scroll of teleportation {unknown}
Potions
 f - a potion of attraction {unknown}
 h - a potion of cancellation {unknown}
 i - a potion of lignification {unknown}
 k - 2 potions of might
 l - a potion of ambrosia {unknown}
 m - 2 potions of degeneration {unknown}
 r - a potion of curing {unknown}
 x - 3 potions of berserk rage {unknown}


   Skills:
 + Level 4.1 Fighting
 + Level 3.3 Long Blades
 + Level 4.3 Armour
 + Level 1.0 Dodging
 + Level 4.1 Shields


You had 2 spell levels left.
You didn't know any spells.
Your spell library contained the following spells:

 Spells                   Type           Power      Damage    Failure   Level
 Portal Projectile        Hex/Tloc       0%         N/A       100%        3
 Tukima's Dance           Hex            0%         N/A       100%        3
 Blade Hands              Tmut           0%         N/A       100%        5


Dungeon Overview and Level Annotations

Branches:
Dungeon (3/15)

Altars:
Cheibriados
Qazlal

Shops:
D:1 =*

Annotations:
D:1 Dig


Innate Abilities, Weirdness & Mutations

You have a pair of horns on your head.
You reflexively headbutt those who attack you in melee.


Message History

The orc priest mumbles some strange prayers to Beogh against you.
Beogh smites you!
You hit the orc priest. You headbutt the orc priest!
The orc priest is almost dead.
You barely miss the orc. You barely miss the orc.
The orc hits you but does no damage.
You blink.
The orc priest calls down the wrath of Beogh upon you.
Beogh smites you!
* * * LOW HITPOINT WARNING * * *
The orc priest looks encouraged for a moment.
There is a stone staircase leading up here.
You can't go down here!
You climb upwards.
There is a stone staircase leading down here.
You start resting.
HP restored.
You climb downwards.
The orc closely misses you.
The orc hits you with a +0 flail of distortion.
Space warps around you.
There is a stone staircase leading up here.
The orc hits you but does no damage. Space warps horribly around you!
You climb upwards.
There is a stone staircase leading down here.
You closely miss the orc. You headbutt the orc.
The orc is severely wounded.
The orc hits you but does no damage.
You are cast into the Abyss!
This branch contains the abyssal rune of Zot.
There is a strange disturbance nearby!
There is a strange disturbance nearby!
Something hits you.
Deactivating autopickup; reactivate with Ctrl-A.
Something hits you!
* * * LOW HITPOINT WARNING * * *
You slash something! Something hits you.
* * * LOW HITPOINT WARNING * * *
Something hits you but does no damage.
You hit something but do no damage. You block something's attack.
You barely miss something. Your headbutt misses something. Something hits you.
You die...

.... ....# .
.....#....
.......#...#
#. ...#.#..
.#.......#.#
..... ...#.#
..#...##.#.#
#......@...#
.........#.#
.#....#### #
#..... ...
##... .###
..... #.
.#.. .. ...
..


There were no monsters in sight!

Vanquished Creatures
  An adder (D:2)
  A dart slug (D:1)
  2 orcs (D:3)
  3 endoplasms
  2 giant cockroaches (D:3)
  5 goblins
  3 hobgoblins
  4 quokkas
  7 ball pythons
  4 bats
  3 frilled lizards
  5 kobolds
  3 rats
43 creatures vanquished.

Notes
Turn   | Place    | Note
-------+----------+-------------------------------------------
     0 | D:1      | Peloso the Minotaur Fighter began the quest for the Orb.
     0 | D:1      | Reached XP level 1. HP: 19/19 MP: 0/0
    98 | D:1      | Found Icsyunia's Assorted Antiques.
   226 | D:1      | Reached XP level 2. HP: 25/27 MP: 1/1
   422 | D:1      | Found Fethreop's Jewellery Boutique.
   523 | D:1      | Bought a murky red potion for 23 gold pieces
   755 | D:2      | Reached XP level 3. HP: 30/33 MP: 2/2
  1103 | D:2      | Reached skill level 1 in Dodging
  1368 | D:2      | Found a snail-covered altar of Cheibriados.
  1496 | D:1      | Bought a silvery potion for 23 gold pieces
  1496 | D:1      | Bought a scroll labelled HIOTI HUCLAMU for 26 gold pieces
  1923 | D:3      | Found a stormy altar of Qazlal.
  2045 | Abyss:1  | Cast into level 1 of the Abyss (orc)
  2060 | Abyss:1  | Slain by an unseen horror

Illustrated notes

Levels and vault maps discovered:
D:1:      lightli_arrival_boilingwater, layout_rooms, serial_shops, shop,
          nicolae_shop_waterfront, due_unseen_surprise
D:2:      layout_basic, basic_altar
D:3:      layout_rooms, lemuel_tele_altar, serial_bayou_crossing
Abyss:1:  base: D:1, minivault_22

Skill      XL: |  1  2  3 |
---------------+----------+-----
Long Blades    | 3 |  3.3
Fighting       | 4 |  4.1
Armour         | 4 |  4.3
Shields        | 4 |  4.1
Dodging        | 1 |  1.0

Action                     || total
---------------------------++-------
  Melee: Long sword        ||   119
         Headbutt          ||    11
    Use: Potion            ||     1
 Armour: Scale mail        ||    38
         Chain mail        ||    38
  Dodge: Dodged            ||    56
  Block: Buckler           ||    35
